Cogmind - Beta 14 @@@ ROGUE MODE // 2025.01.03 @ 23:31:13 Player: Angry Canadian Result: Destroyed by Y-45 Defender with Heavy Assault Rifle Performance ------------- Evolutions (0) 0 Regions Visited (3) 600 Robots Destroyed (34) 170 Value Destroyed (666) 666 Prototype IDs (2) 40 Alien Tech Used (0) 0 Bonus (0) 0 TOTAL SCORE: 1476 Bonus ------- None Cogmind --------- Core Integrity 0/250 Matter 300/300 Energy 125/125 System Corruption 2% Temperature Cool (0) Movement Flying (277) Ox3 Location -10/Subcaves Parts ------- > --- POWER (1) -------- Light Ion Engine > --- PROPULSION (2) --- Flight Unit Flight Unit > --- UTILITY (2) ------ Large Storage Unit Core Shielding > --- WEAPON (2) ------- Medium Laser Medium Laser > --- INVENTORY (15) --- Light Ion Engine Flight Unit Flight Unit Scrap Shield Light Assault Rifle Light Assault Rifle Peak State ------------ > --- POWER ------------ Light Ion Engine > --- PROPULSION ------- Flight Unit Flight Unit > --- UTILITY ---------- Large Storage Unit Core Shielding > --- WEAPON ----------- Medium Laser Bore Cannon > --- INVENTORY -------- Medium Laser Light Assault Rifle [Rating: 11] Favorites ----------- Power Light Ion Engine Engine Light Ion Engine Propulsion Flight Unit Treads Light Treads Flight Unit Flight Unit Utility Core Shielding Storage Medium Storage Unit Protection Core Shielding Weapon Medium Laser Energy Gun Medium Laser Ballistic Gun Light Assault Rifle Ballistic Cannon Bore Cannon Launcher Grenade Launcher Build | -11 -10 -10 -10 ------- Run | Yrd Mat Min Sub Slots Evolved . | . . . . Power . | . . . . Propulsion . | . . . . Utility . | . . . . Weapon . | . . . . Parts Attached 26 | 7 11 8 . Power 6 | 2 2 2 . Engine 6 | 2 2 2 . Core . | . . . . Reactor . | . . . . Propulsion 7 | 2 2 3 . Treads 2 | 2 . . . Leg . | . . . . Wheel . | . . . . Hover . | . . . . Flight 5 | . 2 3 . Utility 4 | 1 2 1 . Device . | . . . . Storage 3 | 1 1 1 . Processor . | . . . . Hackware . | . . . . Protection 1 | . 1 . . Artifact . | . . . . Weapon 9 | 2 5 2 . Energy Gun 3 | . 2 1 . Energy Cannon . | . . . . Ballistic Gun 3 | 2 1 . . Ballistic Cannon 1 | . . 1 . Launcher 2 | . 2 . . Special Weapon . | . . . . Impact Weapon . | . . . . Slashing Weapon . | . . . . Piercing Weapon . | . . . . Special Melee Weapon . | . . . . Unidentified Prototypes . | . . . . Parts Lost 7 | . 3 4 . Power 3 | . 1 2 . Propulsion 3 | . 1 2 . Utility . | . . . . Weapon 1 | . 1 . . Highest Loss Streak 2 | . 1 2 . To Critical Strikes . | . . . . Average Slot Usage (%) 93 | . 88 97 100 Engine 13 | . 13 12 14 Treads 9 | . 20 . . Flight 17 | . 6 26 28 Storage 14 | . 14 14 14 Protection 10 | . 5 14 14 Energy Gun 16 | . 6 25 28 Ballistic Gun 3 | . 8 . . Ballistic Cannon 1 | . . 2 . Launcher 6 | . 13 . . Peak Build Rating 11 | 6 7 11 7 Average Rating 6 | 4 6 7 7 On Entrance 5 | . 6 7 7 Naked Turns . | . . . . Heaviest Build 35 | 12 19 35 28 Greatest Support 40 | 40 40 8 8 Greatest Overweight (x) 9 | . 2 9 3 Average Overweight (x) 1 | . . 3 3 Largest Inventory Capacity 15 | 8 10 15 15 Average Capacity 12 | 6 9 14 15 Most Carried 7 | 3 3 5 7 Average Carried 2 | . 1 3 6 Final Capacity 15 | 8 10 15 15 Final Carried 7 | 1 1 5 7 Class Distribution -------------------- 100% | Mutant Dominant Class ---------------- Mutant | -10/Materials Mutant | -10/Mines Mutant | -10/Subcaves Resources | -11 -10 -10 -10 ----------- Run | Yrd Mat Min Sub Matter Collected 807 | 239 372 196 . Remotely . | . . . . Salvage Created 841 | . 605 236 . Parts 62 | . 42 20 . Haulers Intercepted . | . . . . Recyclers Shooed . | . . . . Parts Field Recycled . | . . . . Retrieved Matter . | . . . . Parts Self-Destructed . | . . . . Prevented . | . . . . Kills | -11 -10 -10 -10 ------- Run | Yrd Mat Min Sub Combat Hostiles Destroyed 26 | . 16 10 . Guns 17 | . 8 9 . Cannons 1 | . . 1 . AOE 8 | . 8 . . Classes Destroyed 6 | . 5 1 . Worker 2 | . 1 1 . Tunneler 1 | . . 1 . Recycler 2 | . 2 . . Watcher 3 | . 3 . . Swarmer 14 | . 5 9 . Grunt 12 | . 11 1 . Best Kill Streak 5 | . 5 4 . Combat Bots Only 5 | . 5 3 . Max Kills in Single Turn 2 | . 2 2 . Gunslinging 1 | . . 1 . Exploded 1 | . 1 . . Melee . | . . . . Uniques/NPCs Destroyed . | . . . . Combat | -11 -10 -10 -10 -------- Run | Yrd Mat Min Sub Hostile Shots Fired 142 | . 83 57 2 Missed 43 | . 24 18 1 Damage Taken 1209 | . 878 319 12 Core 250 | . 195 45 10 Absorbed by Shields . | . . . . Redirected to Shielding 19 | . 8 9 2 Regen/Repaired (Parts) 56 | . 56 . . Core Remaining (%) 100 | 100 . . . Volleys Fired 106 | . 79 27 . Largest 2 | . 2 2 . Hottest 107 | . 80 107 . Shots Fired 144 | . 97 47 . Gun 116 | . 80 36 . Cannon 11 | . . 11 . Launcher 17 | . 17 . . Special . | . . . . Kinetic 74 | . 63 11 . Thermal 53 | . 17 36 . Explosive 17 | . 17 . . Electromagnetic . | . . . . Robot Hit Streak 6 | . 6 5 . Robot Miss Streak 6 | . 3 6 . Penetration Max 1 | . . 1 . Secondary Targets 2 | . . 2 . Max Gunslinging Chain 1 | . . 1 . Shots Hit Robots 71 | . 56 15 . Core Hits 51 | . 39 12 . Critical Kills 1 | . . 1 . Critical Parts Destroyed 1 | . . 1 . Critical Strikes 3 | . . 3 . Burn 1 | . . 1 . Destroy 2 | . . 2 . Melee Attacks . | . . . . Impact . | . . . . Slashing . | . . . . Piercing . | . . . . Sneak Attacks . | . . . . Combat Hostiles . | . . . . Follow-up Attacks . | . . . . Damage Inflicted 1554 | . 1286 268 . Guns 671 | . 469 202 . Cannons 66 | . . 66 . Explosions 817 | . 817 . . Melee . | . . . . Ramming . | . . . . Kinetic 409 | . 343 66 . Thermal 328 | . 126 202 . Explosive 817 | . 817 . . Electromagnetic . | . . . . Impact . | . . . . Slashing . | . . . . Piercing . | . . . . Highest Corruption 2 | . 2 2 2 Average Corruption 1 | . 1 2 2 Corruption Purged . | . . . . Corruption Blocked . | . . . . Effects 30 | . 16 14 . Message Errors 6 | . 3 3 . Matter Fused 9 | . 3 6 . Heat Flow Errors 2 | . 1 1 . Energy Discharges 5 | . 3 2 . Parts Rejected 1 | . 1 . . Data Loss (minor) 3 | . 2 1 . Data Loss (major) 1 | . . 1 . Misfires 3 | . 3 . . Overload Shots . | . . . . Overflow Damage 31 | . 31 . . Projectiles . | . . . . Explosions 31 | . 31 . . Melee . | . . . . Knockbacks . | . . . . Impact . | . . . . Kinetic . | . . . . Secondary . | . . . . Self-Inflicted Damage 153 | . 153 . . Shots 6 | . 6 . . Rammed . | . . . . Targets Rammed . | . . . . Kicked . | . . . . Crushed . | . . . . Highest Temperature 475 | . 257 475 . Average Temperature 114 | . 42 172 . Received Heat Transfer 327 | . 327 . . Effects 6 | . . 6 . Shutdowns 1 | . . 1 . Energy Bleed 2 | . . 2 . Interference 1 | . . 1 . Short Circuit 2 | . . 2 . Siege Activations . | . . . . Robots Corrupted . | . . . . Combat Hostiles . | . . . . Parts Fried . | . . . . Impact Corruptions . | . . . . Robots Melted . | . . . . Combat Hostiles . | . . . . Parts Melted 3 | . . 3 . Heat Transferred 1036 | . 370 666 . Parts Sabotaged . | . . . . Parts Stolen . | . . . . Parts Stripped . | . . . . Power Chain Reactions . | . . . . Alert | -11 -10 -10 -10 ------- Run | Yrd Mat Min Sub Peak Influence 302 | . 302 263 . Initial 112 | . . 112 . Average 133 | . 183 93 . Maximum Alert Level 1 | . 1 1 . Low Security (%) 66 | 100 56 73 . Level 1 33 | . 43 26 . Level 2 . | . . . . Level 3 . | . . . . Level 4 . | . . . . Level 5 . | . . . . High Security . | . . . . Max Security . | . . . . Squads Dispatched 4 | . 4 . . Investigation 2 | . 2 . . Extermination . | . . . . Reinforcement 2 | . 2 . . Assault . | . . . . Garrison . | . . . . Intercept . | . . . . Searches Triggered . | . . . . Construction Impeded . | . . . . Haulers Reinforced . | . . . . Active Scanning Responses . | . . . . Cargo Convoy Interrupts . | . . . . Stealth | -11 -10 -10 -10 --------- Run | Yrd Mat Min Sub Distress Signals 1 | . 1 . . Communications Jammed . | . . . . Distress Signals . | . . . . Times Spotted 44 | . 33 10 1 Peak Tracking Total 5 | . 5 3 . Tactical Retreats 1 | . 1 . . Traps | -11 -10 -10 -10 ------- Run | Yrd Mat Min Sub Traps Triggered 5 | . 5 . . Indirectly . | . . . . Trap Hack Attempts . | . . . . Triggered . | . . . . Disarmed . | . . . . Reprogrammed . | . . . . Reused . | . . . . Traps Extracted . | . . . . Installed . | . . . . Triggered . | . . . . Machines | -11 -10 -10 -10 ---------- Run | Yrd Mat Min Sub Machines Disabled 1 | . 1 . . Max in Single Turn 1 | . 1 . . Machines Repaired . | . . . . Machines Dismantled . | . . . . Machines Sabotaged . | . . . . Overloaded Fab Kills . | . . . . Hacking | -11 -10 -10 -10 --------- Run | Yrd Mat Min Sub Machines Accessed 8 | . 8 . . Terminals 6 | . 6 . . Fabricators . | . . . . Repair Stations 1 | . 1 . . Recycling Units 1 | . 1 . . Scanalyzers . | . . . . Garrison Access . | . . . . Total Hacks 19 | . 19 . . Successful 9 | . 9 . . Failed 10 | . 10 . . Catastrophic 2 | . 2 . . Database Lockouts . | . . . . Manual . | . . . . Terminals 14 | . 14 . . Fabricators . | . . . . Repair Stations 2 | . 2 . . Recycling Units 3 | . 3 . . Scanalyzers . | . . . . Garrison Access . | . . . . Terminal Hacks 6 | . 6 . . Record 1 | . 1 . . Prototype ID Bank 1 | . 1 . . Emergency Access Points 1 | . 1 . . Alert Level 2 | . 2 . . Zone Layout 1 | . 1 . . Fabricator Hacks . | . . . . Repair Station Hacks 2 | . 2 . . Scan Component 1 | . 1 . . Repair 1 | . 1 . . Recycling Unit Hacks 1 | . 1 . . Report Inventory 1 | . 1 . . Scanalyzer . | . . . . Garrison Access Hacks . | . . . . Unauthorized Hacks . | . . . . Terminals . | . . . . Fabricators . | . . . . Repair Stations . | . . . . Recycling Units . | . . . . Scanalyzers . | . . . . Garrison Access . | . . . . Data Cores Recovered . | . . . . Used . | . . . . Hacking Detections 6 | . 6 . . Full Trace Events 1 | . 1 . . Feedback Events . | . . . . Feedback Blocked . | . . . . Robot Schematics Acquired . | . . . . Robots Built . | . . . . Authchips . | . . . . Time . | . . . . Total Robot Build Rating . | . . . . Part Schematics Acquired . | . . . . Parts Built . | . . . . Authchips . | . . . . Time . | . . . . Total Part Build Rating . | . . . . Parts Repaired 1 | . 1 . . Time 26 | . 26 . . Parts Recycled . | . . . . Recycled Matter . | . . . . Retrieved Matter . | . . . . Retrieved Components . | . . . . Parts Scanalyzed . | . . . . Part Schematics Acquired . | . . . . Parts Damaged . | . . . . Bothacking | -11 -10 -10 -10 ------------ Run | Yrd Mat Min Sub Used RIF Installer . | . . . . Robots Hacked . | . . . . Non-combat . | . . . . Combat . | . . . . Robot Hacks Applied . | . . . . Relay Couplers Released . | . . . . Fabnet Peak Effective % . | . . . . Robots Rewired . | . . . . Allies Hacked . | . . . . Hacks Repelled . | . . . . Allies | -11 -10 -10 -10 -------- Run | Yrd Mat Min Sub Total Allies 2 | . . 2 . Largest Group 2 | . . 2 2 Highest-Rated Group 38 | . . 38 38 Highest-Rated Ally 31 | . . 31 31 Total Orders . | . . . . Ally Attacks . | . . . . Total Damage . | . . . . Kills . | . . . . Allies Corrupted . | . . . . Allies Melted . | . . . . Intel | -11 -10 -10 -10 ------- Run | Yrd Mat Min Sub Robot Analysis Total . | . . . . Derelict Logs Recovered 1 | . . 1 . Drone Launches . | . . . . Drone Recoveries . | . . . . Exploration | -11 -10 -10 -10 ------------- Run | Yrd Mat Min Sub Turns Passed 2547 | 73 1150 1233 91 Spaces Moved 1038 | 43 545 417 33 Core 16 | 8 . 8 . Treads 462 | 35 427 . . Legs . | . . . . Wheels . | . . . . Hover . | . . . . Flight 560 | . 118 409 33 Fastest Speed 50 | 50 160 117 277 Average Speed 212 | 139 168 273 277 Slowest Speed 520 | 160 197 520 277 Overloaded Moves . | . . . . Propulsion Burnouts . | . . . . Robots Hopped . | . . . . Cave-ins Triggered . | . . . . Exploration Rate (%) 47 | 3 92 87 6 Regions Visited 3 Branch Regions 2 Pre-discovered Areas . | . . . . Known Exits Taken . | . . . . Unknown Exits Taken 3 | 1 1 1 . Scrap Searched 2 | . . 2 . Spaces Dug 9 | . 8 1 . Terrain Destroyed 132 | . 127 5 . Melee . | . . . . Projectile 5 | . . 5 . AOE 127 | . 127 . . Terrain Rammed . | . . . . Walls Destroyed . | . . . . Machines Disabled . | . . . . Actions | -11 -10 -10 -10 --------- Run | Yrd Mat Min Sub Total 1253 | 56 698 465 34 Wait 52 | . 52 . . Move 1035 | 42 544 416 33 Hop . | . . . . Pick Up 28 | 7 9 11 1 Fast Attach . | . . . . Attach 18 | 6 7 5 . Detach . | . . . . Swap 8 | 1 4 3 . Drop 6 | . 3 3 . Fire 106 | . 79 27 . Melee . | . . . . Ram . | . . . . Kick . | . . . . Crush . | . . . . Escape Stasis . | . . . . Rewire . | . . . . Trap . | . . . . Miscellaneous . | . . . . Route ------- -11/Scrapyard -10/Materials (discovered 5 exits: [*Mat x3] / [*Min] / [*Sub]) -10/Mines -10/Subcaves History --------- Turn | Location | Event 5 | -11/Scrapyard | Discovered new exit (range 15) 74 | -11/Scrapyard | Entered Materials 301 | -10/Materials | Build established: Mutant 457 | -10/Materials | Discovered new exit (range 11) 564 | -10/Materials | Discovered new exit (range 8) 587 | -10/Materials | Core integrity fell below 50% 727 | -10/Materials | Repaired Grenade Launcher 832 | -10/Materials | Discovered new exit (range 7) 991 | -10/Materials | Discovered new exit (range 16) 1193 | -10/Materials | Discovered new exit (range 8) 1224 | -10/Materials | Entered Mines 1257 | -10/Mines | Met a Derelict bent on vengeance 1396 | -10/Mines | A weapon hastily lodged in a ceiling crevice suddenly fell to the ground 1602 | -10/Mines | Core integrity fell below 20% 1962 | -10/Mines | Learned Materials trap positions 2272 | -10/Mines | Discovered new exit (range 6) 2457 | -10/Mines | Entered Subcaves 2457 | -10/Subcaves | Accompanied by 2 allies 2462 | -10/Subcaves | Led the pair of lost Derelicts to an unsafe place 2548 | -10/Subcaves | Destroyed by Y-45 Defender with Heavy Assault Rifle Last Messages --------------- Acquired 15 matter. QK2RESS6>BQOTF 9 %